 Dungeon Crawl Stone Soup version 0.19.1-1-g22dce08 (webtiles) character file.

518 Alarkh the Chopper (level 7, 32/57 HPs)
             Began as a Yellow Draconian Monk on Jan 16, 2017.
             Quit the game on level 5 of the Dungeon on Jan 17, 2017.
             The game lasted 00:06:50 (3791 turns).

Alarkh the Chopper (Yellow Draconian Monk)          Turns: 3791, Time: 00:06:50

Health: 32/57      AC:  9    Str: 13    XL:     7   Next: 1%
Magic:  7/7        EV: 13    Int: 13    God:
Gold:   233        SH:  0    Dex: 13    Spells: 0 memorised, 6 levels left

rFire  . . .     SeeInvis .     a - +0 hand axe
rCold  + . .     Gourm    .     (armour unavailable)
rNeg   . . .     Faith    .     (no shield)
rPois  +         Spirit   .     (helmet restricted)
rElec  .         Reflect  .     r - +1 cloak {rPois}
rCorr  +         Harm     .     (no gloves)
MR     .....                    i - +0 pair of boots
Stlth  ++........               (no amulet)
                                (no ring)
                                l - ring of protection from cold

@: short of breath
A: spit acid, acid resistance, unfitting armour, cold-blooded, AC +6
a: Spit Acid


You were on level 5 of the Dungeon.
You were not hungry.

You visited 1 branch of the dungeon, and saw 5 of its levels.

You collected 233 gold pieces.

Inventory:

Hand Weapons
 a - a +0 hand axe (weapon)
Armour
 i - a +0 pair of boots (worn)
 r - a +1 cloak of poison resistance (worn)
Jewellery
 l - a ring of protection from cold (left hand)
Wands
 q - a wand of disintegration (17/24)
Scrolls
 e - 2 scrolls of identify
 g - 2 scrolls of remove curse
 j - a scroll of random uselessness
Potions
 c - a potion of ambrosia
 d - a potion of curing
 f - 2 potions of cancellation {unknown}
 h - a potion of invisibility {unknown}
 n - a potion of lignification {unknown}
 o - a potion of magic {unknown}
 p - a potion of mutation {unknown}
Comestibles
 b - 4 bread rations
 k - a meat ration
 u - 3 chunks of flesh
 w - 3 fruits


   Skills:
 - Level 3.6 Fighting
 + Level 7.7 Axes
 - Level 3.0 Dodging
 - Level 1.8 Stealth


You had 6 spell levels left.
You didn't know any spells.

Dungeon Overview and Level Annotations

Branches:
Dungeon (5/15)
 Temple: D:4-7

Altars:
Elyvilon
Kikubaaqudgha
Ru
Xom

Portals:
Sewer: D:5

Annotations:
D:5 Dowan, Duvessa


Innate Abilities, Weirdness & Mutations

You can spit globs of acid.
You are resistant to acid.
Your golden yellow scales are hard. (AC +6)
You cannot fit into any form of body armour.
You are cold-blooded and may be slowed by cold attacks.


Message History

The giant cockroach is heavily wounded.
You hit the sky beast. The giant cockroach barely misses you.
The sky beast flickers out of sight!
Deactivating autopickup; reactivate with Ctrl-A.
Something hits you. Something shocks you.
You closely miss the giant cockroach.
You tail-slap the giant cockroach, but do no damage.
The giant cockroach is heavily wounded.
You closely miss something.
The giant cockroach bites you but does no damage.
Something hits you. Something shocks you.
The giant cockroach barely misses you.
You hit the giant cockroach.
You tail-slap the giant cockroach, but do no damage.
The giant cockroach is severely wounded.
You hit something but do no damage.
A sky beast appears from thin air!
Reactivating autopickup.
The sky beast hits you but does no damage.
The giant cockroach bites you but does no damage.
Are you sure you want to abandon this character and quit the game? (Confirm with "yes".)

#........ .....#..#.
#.#####.# #.##.#..#.
#.#≈≈≈#.####.##...[..
#.#≈≈≈#............##
#/#≈∩≈#..###########
#.#≈≈≈#..# #.#≈≈≈#..#
#.##s##..# #...@Y...#
##.......# #########


You could see a sky beast and a giant cockroach.

Vanquished Creatures
  A howler monkey (D:4)
  2 hounds (D:4)
  A jelly (D:5)
  A bullfrog skeleton (D:4)
  An orc wizard (D:4)
  4 worker ants (D:4)
  3 gnolls (D:4)
  9 adders
  An ooze (D:2)
  An adder skeleton (D:5)
  2 worms
  4 leopard geckos
  16 orcs
  7 giant cockroaches
  4 goblins
  3 hobgoblins
  10 jackals
  A quokka (D:3)
  A ball python (D:1)
  8 bats
  7 frilled lizards
  12 kobolds
  8 rats
107 creatures vanquished.

Notes
Turn   | Place    | Note
-------+----------+-------------------------------------------
     0 | D:1      | Alarkh the Draconian Monk began the quest for the Orb.
     0 | D:1      | Reached XP level 1. HP: 19/19 MP: 1/1
   116 | D:1      | Reached XP level 2. HP: 26/26 MP: 2/2
   746 | D:2      | Reached XP level 3. HP: 8/31 MP: 3/3
  1073 | D:2      | Reached skill level 4 in Axes
  1156 | D:2      | Found a sacrificial altar of Ru.
  1229 | D:2      | Reached XP level 4. HP: 36/39 MP: 4/4
  1251 | D:2      | Found an ancient bone altar of Kikubaaqudgha.
  1331 | D:2      | Found a shimmering altar of Xom.
  1331 | D:2      | Found a shimmering altar of Xom.
  1332 | D:2      | Found a shimmering altar of Xom.
  1333 | D:2      | Found a shimmering altar of Xom.
  1333 | D:2      | Found a shimmering altar of Xom.
  1685 | D:3      | Reached skill level 5 in Axes
  2214 | D:3      | Reached XP level 5. HP: 42/45 MP: 5/5
  2843 | D:4      | Reached skill level 6 in Axes
  2845 | D:4      | Found a white marble altar of Elyvilon.
  3090 | D:4      | Reached XP level 6. HP: 39/51 MP: 6/6
  3224 | D:4      | Reached skill level 7 in Axes
  3562 | D:5      | Entered Level 5 of the Dungeon
  3562 | D:5      | Noticed Duvessa
  3562 | D:5      | Noticed Dowan
  3732 | D:5      | Noticed a sky beast
  3763 | D:5      | Found a glowing drain.
  3782 | D:5      | Your scales start taking on a golden yellow colour.
  3782 | D:5      | Reached XP level 7. HP: 48/57 MP: 7/7
  3791 | D:5      | Quit the game

Skill      XL: |  1  2  3  4  5  6 |
---------------+-------------------+-----
Dodging        | 3 |  3.0
Axes           | 4 5 6 7 |  7.7
Fighting       | |  3.6
Stealth        | |  1.8

Action                   |  1- 3 |  4- 6 |  7- 9 || total
-------------------------+-------+-------+-------++-------
Melee: Hand axe          |   133 |   278 |     7 ||   418
       Tailslap          |    11 |    37 |     3 ||    51
 Abil: Spit Acid         |       |       |     1 ||     1
  Use: Scroll            |       |    10 |       ||    10
       Potion            |       |     1 |       ||     1
 Stab: Sleeping          |     1 |     6 |       ||     7
  Eat: Chunk             |     1 |     9 |       ||    10
Armor: Skin              |    45 |    88 |    10 ||   143
Dodge: Dodged            |   123 |   178 |     5 ||   306
